 Dungeon Crawl Stone Soup version 0.26-a0-466-g989023bd0d (webtiles) character file.

Game seed: 13698013020775649014

1809 graki42 the Magician (level 8, -18/44 HPs)
             Began as a Deep Elf Conjurer on Aug 5, 2020.
             Demolished by an ice devil (19 damage)
             ... summoned by an orc high priest
             ... in a bailey.
             The game lasted 00:26:43 (5899 turns).

graki42 the Magician (Deep Elf Conjurer)            Turns: 5899, Time: 00:26:44

Health: -18/44     AC:  6    Str:  1    XL:     8   Next: 84%
Magic:  18/21      EV: 17    Int: 24    God:
Gold:   379        SH:  0    Dex: 17    Spells: 11/22 levels left

rFire    + . .     SeeInvis .   p - +2 dagger (venom)
rCold    . . .     Faith    .   (no shield)
rNeg     . . .     Spirit   .   r - +3 robe of the Lotus Blossom {rPois rF+ Str-5 Dex+4}
rPois    +         Reflect  .   w - +0 helmet
rElec    .         Harm     .   (no cloak)
rCorr    .                      (no gloves)
MR       .....                  (no boots)
Stlth    +++.......             e - amulet of the acrobat
HPRegen  0.14/turn              u - +4 ring of evasion
MPRegen  0.17/turn              k - ring of wizardry

@: studying Transmutations
A: no striking features
a: no special abilities


You were in a bailey.
You visited 1 branch of the dungeon, and saw 7 of its levels.
You also visited: Bailey.

You collected 379 gold pieces.

Inventory:

Hand Weapons
 p - a +2 dagger of venom (weapon)
Missiles
 A - a throwing net (quivered)
Armour
 d - a +0 robe
 r - the +3 robe of the Lotus Blossom (worn) {rPois rF+ Str-5 Dex+4}
   (You found it on level 4 of the Dungeon)

   It affects your strength (-5).
   It affects your dexterity (+4).
   It protects you from fire.
   It protects you from poison.
 w - a +0 helmet (worn)
Jewellery
 e - an amulet of the acrobat (around neck)
 h - an uncursed ring of protection from cold
 k - a ring of wizardry (right hand)
 l - an uncursed ring of protection from cold
 s - an uncursed ring of protection from magic
 u - a +4 ring of evasion (left hand)
 z - a cursed ring of positive energy {unknown}
Wands
 i - a wand of iceblast (10)
 n - a wand of enslavement (4)
Scrolls
 b - 4 scrolls of identify
 c - a scroll of magic mapping
 m - a scroll of remove curse
 o - a scroll of amnesia {unknown}
 t - a scroll of enchant weapon {unknown}
 v - 2 scrolls of teleportation
Potions
 a - a potion of stabbing
 g - 2 potions of flight
 q - a potion of invisibility {unknown}
 x - a potion of brilliance {unknown}
 B - a potion of curing {unknown}
Books
 y - a manual of Transmutations


   Skills:
 + Level 2.1 Fighting
 + Level 2.8 Short Blades
 - Level 2.4 Dodging
 + Level 4.5 Stealth
 + Level 7.7 Spellcasting
 + Level 7.2 Conjurations
 * Level 7.1 Hexes
 + Level 3.9 Ice Magic


You had 11 spell levels left.
You knew the following spells:

 Your Spells              Type           Power        Failure   Level
a - Magic Dart            Conj           ####         1%          1
b - Searing Ray           Conj           #####.       1%          2
c - Dazzling Flash        Conj/Hex       #####.       1%          3
d - Ensorcelled Hibernat  Hex/Ice        #####.       1%          2
e - Confusing Touch       Hex            #####...     1%          3

Your spell library contained the following spells:

 Spells                   Type           Power        Failure   Level
 Corona                   Hex            #####..      1%          1
 Tukima's Dance           Hex            #####...     1%          3
 Fulminant Prism          Conj/Hex       #####.....   1%          4
 Iskenderun's Mystic Bla  Conj/Tloc      ####....     6%          4


Dungeon Overview and Level Annotations

Branches:
Dungeon (7/15)             Temple (0/1) D:7          Bailey (1/1)

Altars:
Uskayaw


Message History

The orc high priest is moderately wounded.
The orc hits you with a +0 hand axe.
* * * LOW HITPOINT WARNING * * *
You hit the orc high priest but do no damage.
The orc high priest is moderately wounded.
The orc high priest intones a terrible prayer.
The orc high priest hits you with a +0 war axe.
* * * LOW HITPOINT WARNING * * *
The gnoll completely misses you. Magic courses through your body.
The gnoll misses you.
The orc high priest hits you but does no damage.
Casting: Searing Ray (safe; 1% risk of failure)
Confirm with . or Enter, or press ? or * to list all spells.
The orc high priest is dazzled.
The gnoll is dazzled.
The ice devil is dazzled.
The goblin is dazzled.
The gnoll misses you.
The orc high priest says, "You will make a fine sacrifice."
The orc high priest barely misses you. The ice devil hits you!
* * * LOW HITPOINT WARNING * * *
The ice devil freezes you!!
You die...

#≈≈≈≈≈# #≈≈≈≈≈# #≈≈≈≈≈#
#######+# #≈≈≈≈≈#
#.......# #≈≈≈≈≈#
#.8.8.8.+
#≈≈≈≈≈######..g....#####
#≈≈≈≈≈≈.#....4g#....#[[#
###.≈≈≈≈≈.#...oo@#g...#[[#
....≈≈≈≈≈.#''#####o...#..#
....≈≈≈≈≈.#.....##....#..#
..........'.....##g...# ##
.)..g....))))⌠..##.._.#
.........)'.....##..o.# #
....≈≈≈≈≈.#.....##....#..
....≈≈≈≈≈.#''#####....#..
###.≈≈≈≈≈.#......#....#..


You could see an orc high priest (blind, poisoned), an ice devil (summoned,
blind), a gnoll (blind), an orc and a goblin (blind).

Vanquished Creatures
  Menkaure (D:6)
  4 sky beasts
  An ogre (D:6)
  An orc warrior (D:6)
  2 bullfrogs (D:6)
  A scorpion (D:6)
  5 killer bees (D:7)
  2 howler monkeys
  An electric eel (Bailey)
  Crazy Yiuf (D:5)
  2 hounds
  4 jellies
  2 orc wizards (D:6)
  A bullfrog skeleton (D:5)
  4 worker ants
  A hound zombie (D:6)
  A hound skeleton (D:4)
  2 gnolls (Bailey)
  8 adders
  A shadow imp (D:5)
  A white imp (D:6)
  An ooze (D:3)
  An adder zombie (D:5)
  4 worms
  A dart slug (D:1)
  3 leopard geckos
  9 orcs
  3 bats
  4 giant cockroaches
  4 goblins
  15 hobgoblins
  9 jackals
  4 quokkas
  2 ball pythons
  6 frilled lizards
  6 kobolds
  A quokka skeleton (D:4)
  5 rats
124 creatures vanquished.

Notes
Turn   | Place    | Note
-------+----------+-------------------------------------------
     0 | D:1      | graki42 the Deep Elf Conjurer began the quest for the Orb.
     0 | D:1      | Reached XP level 1. HP: 10/10 MP: 6/6
   495 | D:1      | Reached XP level 2. HP: 15/15 MP: 5/8
   528 | D:1      | Learned a level 2 spell: Searing Ray
  1150 | D:2      | Noticed a sky beast
  1160 | D:2      | Killed a sky beast
  1160 | D:2      | Reached skill level 5 in Spellcasting
  1160 | D:2      | Reached skill level 5 in Conjurations
  1160 | D:2      | Reached XP level 3. HP: 10/19 MP: 2/11
  1160 | D:2      | Reached XP level 4. HP: 13/24 MP: 2/13
  1368 | D:2      | Learned a level 3 spell: Dazzling Flash
  1417 | D:2      | Reached XP level 5. HP: 28/28 MP: 12/14
  1843 | D:2      | Reached skill level 1 in Hexes
  1980 | D:3      | Learned a level 2 spell: Ensorcelled Hibernation
  2467 | D:3      | Found a hide-covered altar of Uskayaw.
  2629 | D:4      | Reached skill level 1 in Ice Magic
  2630 | D:4      | Got a sheer robe
  2642 | D:4      | Identified the +3 robe of the Lotus Blossom {rPois rF+
                  | Str-5 Dex+4} (You found it on level 4 of the Dungeon)
  2642 | D:4      | Lost strength.
  2936 | D:4      | Reached XP level 6. HP: 32/32 MP: 10/16
  3388 | D:4      | Got a twisted ring mail
  3552 | D:5      | Entered Level 5 of the Dungeon
  3824 | D:5      | Learned a level 3 spell: Confusing Touch
  4010 | D:5      | Reached XP level 7. HP: 35/36 MP: 16/18
  4064 | D:5      | Found a runed translucent door.
  4065 | D:5      | Noticed Crazy Yiuf
  4071 | D:5      | Killed Crazy Yiuf
  4291 | D:5      | Reached skill level 1 in Short Blades
  4291 | D:5      | Reached skill level 5 in Hexes
  4413 | D:6      | Noticed Menkaure
  4421 | D:6      | Killed Menkaure
  4421 | D:6      | Reached skill level 1 in Fighting
  4817 | D:6      | Reached XP level 8. HP: 43/43 MP: 12/20
  5624 | D:7      | Found a flagged portal.
  5636 | Bailey   | Entered a bailey
  5815 | Bailey   | Found an iron altar of Okawaru.
  5815 | Bailey   | Noticed an orc sorcerer
  5815 | Bailey   | Noticed an orc high priest
  5864 | Bailey   | Noticed an orange demon
  5864 | Bailey   | Noticed a red devil
  5866 | Bailey   | Noticed an ice devil
  5868 | Bailey   | Noticed a soul eater
  5893 | Bailey   | Noticed an ice devil
  5899 | Bailey   | HP: 1/44 [ice devil[an orc high priest] (7)]
  5899 | Bailey   | Demolished by an ice devil

Illustrated notes

Levels and vault maps discovered:
D:1:      dpeg_arrival_connections, layout_basic, st_stairs_12
D:2:      layout_basic
D:3:      layout_basic, eat_drink_and_be_merry_uskayaw
D:4:      minmay_angry_zag, layout_rooms
D:5:      layout_basic, minmay_manual_monstrance, uniq_crazy_yiuf_cottage
D:6:      layout_gridville, kennysheep_generic_room_7, uniq_menkaure
D:7:      layout_loops_ring, temple_green, enter_bailey_2, enter_ossuary_3
Bailey:   bailey_axe_of_yendor_kennysheep, bailey

Skill      XL: |  1  2  3  4  5  6  7  8 |
---------------+-------------------------+-----
Spellcasting   | 5 6 7 |  7.7
Conjurations   | 5 6 7 |  7.2
Hexes          | 2 4 5 7 |  7.1
Ice Magic      | 1 2 3 |  3.9
Short Blades   | 1 2 |  2.8
Stealth        | 3 4 |  4.5
Fighting       | 1 2 |  2.1
Dodging        | |  2.4

Action                   |  1- 3 |  4- 6 |  7- 9 || total
-------------------------+-------+-------+-------++-------
Melee: Dagger            |       |     1 |    19 ||    20
 Cast: Magic Dart        |    28 |   112 |    64 ||   204
       Searing Ray       |     3 |    15 |    17 ||    35
       Ensorcelled Hiber |       |       |    10 ||    10
       Confusing Touch   |       |       |     2 ||     2
       Dazzling Flash    |       |       |     2 ||     2
  Use: Scroll            |       |    11 |     2 ||    13
       Potion            |       |     2 |     2 ||     4
 Stab: Sleeping          |       |     1 |     6 ||     7
       Confused          |       |       |     1 ||     1
Armor: Skin              |       |    10 |       ||    10
       Robe              |       |     2 |     9 ||    11
Dodge: Dodged            |     4 |    29 |    40 ||    73

Table legend: (Time is in decaauts)
 A = Elapsed time spent in this place.
 B = Non-inter-level travel time spent in this place.
 C = Inter-level travel time spent in this place.
 D = Time resting spent in this place.
 E = Time spent auto-exploring this place.
 F = Levels seen in this place.
 G = Mean time per level.
                   A        B        C        D        E       F      G
               +--------+--------+--------+--------+--------+-----+--------+
         Total |   5900 |   5757 |    143 |    797 |   4122 |   8 |  737.5 |
       Dungeon |   5638 |   5495 |    143 |    758 |   3998 |   7 |  805.4 |
        Bailey |    262 |    262 |      0 |     39 |    124 |   1 |  262.0 |
               +--------+--------+--------+--------+--------+-----+--------+

Top non-repeatable levels by time:
     D:6: 1201 daAuts
     D:1: 1128 daAuts
     D:4: 944 daAuts
     D:5: 858 daAuts
     D:2: 835 daAuts
     D:3: 649 daAuts
  Bailey: 262 daAuts
     D:7: 22 daAuts
